 Dungeon Crawl Stone Soup version 0.32-a0-86-g8db1b9f803 (webtiles) character file.

Game seed: 15055871644226731003

44 Newt the Trooper (level 3, -1/24 HPs)
             Began as a Gargoyle Fighter on Feb 5, 2024.
             Slain by a goblin
             ... wielding a +0 club
             ... led by Robin
              (2 damage)
             ... on level 2 of the Dungeon.
             The game lasted 00:00:54 (780 turns).

Newt the Trooper (Gargoyle Fighter)                  Turns: 780, Time: 00:00:55

Health: -1/24      AC: 11    Str: 21    XL:     3   Next: 60%
Magic:  3/3        EV:  9    Int:  8    God:
Gold:   70         SH:  4    Dex:  9    Spells: 2/2 levels left

rFire   . . .        a - +0 flail
rCold   . . .        c - +0 buckler
rNeg    + . .        b - +0 scale mail
rPois   ∞            g - +0 helmet
rElec   +            (no cloak)
rCorr   .            (no gloves)
SInv    +            (no boots)
Will    .....        (no amulet) Stlth
                     i - ring of see invisible
HPRegen 0.24/turn    (no ring)
MPRegen 0.08/turn

%: no passive effects
@: about to teleport, attractive, hasted, very quick
A: sickness immunity, AC +3, negative energy resistance 1, electricity
resistance, torment resistance 1, petrification resistance
a: no special abilities


You were on level 2 of the Dungeon.
You visited 1 branch of the dungeon, and saw 2 of its levels.

You collected 70 gold pieces.

Inventory:

Hand Weapons
 a - a +0 flail (weapon)
Armour
 b - a +0 scale mail (worn)
 c - a +0 buckler (worn)
 g - a +0 helmet (worn)
Jewellery
 i - a ring of see invisible (left hand)
Scrolls
 j - a scroll of blinking {unknown}
 k - a scroll of identify {unknown}
 l - a scroll of amnesia {unknown}
Potions
 d - a potion of might
 h - a potion of haste


   Skills:
 + Level 3.9 Fighting
 * Level 3.3 Maces & Flails
 - Level 3.2 Armour
 - Level 3.2 Shields


You had 2 spell levels left.
You didn't know any spells.
Your spell library contained the following spells:

 Spells                   Type           Power      Damage    Failure   Level
 Fugue of the Fallen      Necr           0%         N/A       99%         3
 Ozocubu's Armour         Ice            0%         N/A       99%         3
 Manifold Assault         Tloc           0%         N/A       100%        4
 Iskenderun's Battlesphe  Conj           0%         2d6       100%        5
 Bombard                  Conj/Erth      0%         9d1       100%        6
 Spellforged Servitor     Conj/Summ      0%         N/A       100%        7


Dungeon Overview and Level Annotations

Branches:
Dungeon (2/15)

Altars:

Annotations:
D:2 Robin


Innate Abilities, Weirdness & Mutations

You are immune to sickness and miasma.
Your stone body is resilient. (AC +3)
You are immune to poison.
You resist negative energy. (rN+)
You are resistant to electric shocks. (rElec)
You are resistant to unholy torment.
You are immune to petrification.


Message History

You barely miss the goblin.
The goblin is heavily wounded.
The goblin hits you but does no damage. You block the goblin's attack.
Robin barely misses you. The hobgoblin barely misses you.
You closely miss the goblin. The goblin barely misses you. x2
Robin roars a battlecry!
The goblins go into a battle-frenzy!
The hobgoblin hits you but does no damage.
The hobgoblin barely misses you. The goblin hits you but does no damage.
You block the goblin's attack.
You hear a shout!
You barely miss the goblin. The goblin closely misses you.
You block the goblin's attack. The hobgoblin hits you.
Robin hits you from afar with a +0 trident.
You thump the goblin!
You kill the goblin!
The goblin hits you but does no damage. You block the hobgoblin's attack.
Robin closely misses you.
Unknown command.
You hit the goblin but do no damage.
The goblin is moderately wounded.
The goblin barely misses you. You block the hobgoblin's attack.
Robin hits you from afar with a +0 trident.
* * * LOW HITPOINT WARNING * * *
The goblin hits you but does no damage. The hobgoblin hits you.
* * * LOW HITPOINT WARNING * * *
Robin throws the goblin at you! The goblin hits you but does no damage.
It was a potion of haste.
You feel yourself speed up.
The hobgoblin hits you but does no damage.
You block the goblin's attack.
A hobgoblin comes into view.
The goblin hits you but does no damage. Robin closely misses you.
It was a potion of attraction.
You feel attractive to monsters. The hobgoblin is attracted toward you.
As you read the scroll of teleportation, it crumbles to dust.
You feel strangely unstable. The goblin hits you but does no damage.
The hobgoblin hits you but does no damage.
The goblin hits you with a +0 club.
You die...

...# #.##.#####.# ###.
...# #..........# #.
###.
####.###############.
.# #..# #..........
#.# #.## ###..........
.# #.# #............
#.# #.#(.........
#g#####.#..........
#g@g....#..........
####g####..........
gg.g.g.)g..#....#.####
g..g.g...§.#.....##
##########.#.##.# :..
###


You could see Robin, 2 hobgoblins and 2 goblins.

Vanquished Creatures
  2 adders (D:2)
  4 ball pythons (D:1)
  An endoplasm (D:1)
  A giant cockroach (D:1)
  6 goblins
  2 hobgoblins (D:1)
  3 kobolds (D:1)
  2 quokkas (D:1)
  A rat (D:1)
22 creatures vanquished.

Notes
Turn   | Place    | Note
-------+----------+-------------------------------------------
     0 | D:1      | Newt the Gargoyle Fighter began the quest for the Orb.
     0 | D:1      | Reached XP level 1. HP: 14/14 MP: 1/1
   123 | D:1      | Reached XP level 2. HP: 5/19 MP: 2/2
   651 | D:2      | Reached XP level 3. HP: 24/24 MP: 3/3
   750 | D:2      | Noticed Robin
   777 | D:2      | HP: 1/24 [hobgoblin[Robin] (5)]
   780 | D:2      | Slain by a goblin

Illustrated notes

Levels and vault maps discovered:
D:1:      lemuel_arrival_room, layout_basic
D:2:      layout_loops_ring, dreamdust_ecumenical_altar_angels_and_demons,
          uniq_jessica, uniq_robin

Skill      XL: |  1  2 |
---------------+-------+-----
Maces & Flails | 3 |  3.3
Fighting       | |  3.9
Armour         | |  3.2
Shields        | |  3.2

Action                     || total
---------------------------++-------
  Melee: Flail             ||    87
    Use: Scroll            ||     2
         Potion            ||     2
 Armour: Scale mail        ||   103
  Dodge: Dodged            ||    53
  Block: Buckler           ||    27

Table legend: (Time is in decaauts)
 A = Elapsed time spent in this place.
 B = Non-inter-level travel time spent in this place.
 C = Inter-level travel time spent in this place.
 D = Time resting spent in this place.
 E = Time spent auto-exploring this place.
 F = Levels seen in this place.
 G = Mean time per level.
                   A        B        C        D        E       F      G
               +--------+--------+--------+--------+--------+-----+--------+
         Total |    805 |    790 |     15 |      0 |    597 |   2 |  402.5 |
       Dungeon |    805 |    790 |     15 |      0 |    597 |   2 |  402.5 |
               +--------+--------+--------+--------+--------+-----+--------+

Top non-repeatable levels by time:
     D:1: 653 daAuts
     D:2: 151 daAuts
